 Seeded DCSS version 0.31.0-32-g396128a36d (webtiles) character file.

Game seed: 1724519981061264131 (custom seed)

422 timneilson the Shield-Bearer (level 6, 0/38 HPs)
             Began as a Gargoyle Fighter on Mar 30, 2024.
             Slain by a bullfrog simulacrum (5 damage)
             ... in an ossuary.
             The game lasted 00:04:55 (2470 turns).

timneilson the Shield-Bearer (Gargoyle Fighter)     Turns: 2470, Time: 00:04:56

Health: 0/38       AC: 14    Str: 20    XL:     6   Next: 95%
Magic:  6/6        EV:  8    Int:  8    God:
Gold:   137        SH:  6    Dex: 11    Spells: 5/5 levels left

rFire   . . .        a - +1 long sword
rCold   . . .        c - +1 buckler
rNeg    + . .        f - +0 chain mail
rPois   ∞            (no helmet)
rElec   +            (no cloak)
rCorr   .            (no gloves)
SInv    .            (no boots)
Will    .....        (no amulet) Stlth
                     (no ring)
HPRegen 0.26/turn    (no ring)
MPRegen 0.10/turn

%: no passive effects
@: mighty
A: sickness immunity, AC +4, negative energy resistance 1, electricity
resistance, torment resistance 1, petrification resistance
a: no special abilities


You were in an ossuary.
You visited 1 branch of the dungeon, and saw 4 of its levels.
You also visited: Ossuary.

You collected 137 gold pieces.

Inventory:

Hand Weapons
 a - a +1 long sword (weapon)
Armour
 c - a +1 buckler (worn)
 f - a +0 chain mail (worn)
Scrolls
 b - a scroll of fear
 e - 2 scrolls of enchant weapon
 g - 2 scrolls of identify
 h - 3 scrolls of teleportation
 i - a scroll of blinking
Potions
 j - a potion of lignification
 k - a potion of invisibility


   Skills:
 + Level 4.1 Fighting
 * Level 3.5 Long Blades
 * Level 4.9 Armour
 + Level 1.7 Dodging
 * Level 5.1 Shields


You had 5 spell levels left.
You didn't know any spells.
Your spell library contained the following spells:

 Spells                   Type           Power      Damage    Failure   Level
 Foxfire                  Conj/Fire      0%         2x1d4     98%         1
 Magic Dart               Conj           0%         1d3       98%         1
 Searing Ray              Conj           0%         2d4       99%         2
 Fulminant Prism          Conj/Alch      0%         3d5       100%        4
 Petrify                  Alch/Erth      0%         N/A       100%        4
 Irradiate                Conj/Alch      0%         3d11      100%        5
 Plasma Beam              Fire/Air       0%         2x1d10    100%        6
 Starburst                Conj/Fire      0%         6d3       100%        6
 Sublimation of Blood     Necr           Unusable   N/A       N/A         2

Dungeon Overview and Level Annotations

Branches:
Dungeon (4/15)            Ossuary (1/1)
 Temple: D:4-7

Altars:
The Shining One

Annotations:
D:3 2 runed translucent doors, seawaffle's ghost, amateur GrEE


Innate Abilities, Weirdness & Mutations

You are immune to sickness and miasma.
Your stone body is resilient. (AC +4)
You are immune to poison.
You resist negative energy. (rN+)
You are resistant to electric shocks. (rElec)
You are resistant to unholy torment.
You are immune to petrification.


Message History

The mummy hits you. You block the mummy's attack.
You barely miss the mummy.
The mummy is moderately damaged.
You block the mummy's attack. x2
You hit the mummy.
The mummy is heavily damaged.
You hit the mummy.
The mummy is severely damaged.
The mummy hits you. x2
You barely miss the mummy.
The mummy is severely damaged.
You block the mummy's attack. The mummy hits you but does no damage.
You slash the mummy!
You destroy the mummy!
The mummy barely misses you.
You barely miss the mummy. The mummy closely misses you.
You hit the mummy.
The mummy is moderately damaged.
The mummy hits you!
* * * LOW HITPOINT WARNING * * *
You hit the mummy.
The mummy is heavily damaged.
The mummy completely misses you.
You hit the mummy but do no damage.
The mummy is heavily damaged.
You feel very mighty all of a sudden. The mummy hits you.
* * * LOW HITPOINT WARNING * * *
You slash the mummy!
The mummy is almost destroyed.
The mummy hits you but does no damage.
You slash the mummy!
You destroy the mummy!
You barely miss the bullfrog simulacrum.
The bullfrog simulacrum is heavily damaged.
The bullfrog simulacrum hits you but does no damage.
The bullfrog simulacrum hits you.
* * * LOW HITPOINT WARNING * * *
The bullfrog simulacrum freezes you.
You die...

########### #######
#...#...#!!!!#...#..
#..@Z.∩.+!=)!#.∩.'..
#...#...#??!?#...#..
#...####### #####..
#...# #.. ##'## #'#
#...# #.. #...# #..
#...# #.. #...# #..


You could see a bullfrog simulacrum.

Vanquished Creatures
  A burial acolyte (Ossuary)
  2 water moccasin zombies (Ossuary)
  A jelly (D:3)
  Terence (D:2)
  A bullfrog simulacrum (Ossuary)
  A crocodile zombie (Ossuary)
  2 mummies (Ossuary)
  4 adders
  5 adder zombies (Ossuary)
  2 ribbon worms (D:3)
  3 dart slugs
  5 endoplasms
  4 giant cockroaches
  5 gnoll zombies (Ossuary)
  6 goblins
  10 hobgoblins
  8 kobolds
  6 quokkas
  5 ball pythons
  5 bats
  A frilled lizard (D:3)
  6 jackal zombies (Ossuary)
  4 orc zombies (Ossuary)
  7 rats
95 creatures vanquished.

Notes
Turn   | Place    | Note
-------+----------+-------------------------------------------
     0 | D:1      | timneilson the Gargoyle Fighter began the quest for the
                  | Orb.
     0 | D:1      | Reached XP level 1. HP: 14/14 MP: 1/1
   226 | D:1      | Reached XP level 2. HP: 16/19 MP: 2/2
   568 | D:1      | Found a faded altar of an unknown god.
   650 | D:1      | Reached XP level 3. HP: 19/23 MP: 3/3
   816 | D:2      | Noticed Terence
   887 | D:2      | Killed Terence
   888 | D:2      | Reached skill level 4 in Shields
   888 | D:2      | Reached XP level 4. HP: 25/28 MP: 4/4
  1344 | D:2      | Reached skill level 1 in Dodging
  1638 | D:3      | Found a glowing golden altar of the Shining One.
  1675 | D:3      | Reached XP level 5. HP: 32/32 MP: 5/5
  1700 | D:3      | Identified the orb of Lightning Storm {mayhem, rF- rC+
                  | rN++}
  1839 | D:3      | Found a runed translucent door.
  1840 | D:3      | Noticed seawaffle's ghost (amateur GrEE)
  1954 | D:3      | Found a runed translucent door.
  2150 | D:4      | Found a sand-covered staircase.
  2156 | Ossuary  | Entered an ossuary
  2223 | Ossuary  | Reached XP level 6. HP: 23/38 MP: 6/6
  2325 | Ossuary  | Reached skill level 5 in Shields
  2470 | Ossuary  | Slain by a bullfrog simulacrum

Illustrated notes

Levels and vault maps discovered:
D:1:      lemuel_arrival_rhombus, layout_loops_ring,
          hellmonk_ecumenical_altar_prayer_group
D:2:      cheibrodos_helix_gallery, layout_basic, uniq_terence
D:3:      layout_rooms, old_standard_altar, nicolae_overflow_hidden_temple,
          ebering_ghost_sewer_f
D:4:      layout_loops_ring, bloody_makhleb, serial_shops, shop,
          nicolae_ossuary_entry_plus, chequers_serial_rivers_micro_b
Ossuary:  ossuary_tomb_2

Skill      XL: |  1  2  3  4  5  6 |
---------------+-------------------+-----
Long Blades    | 2 3 |  3.5
Shields        | 4 5 |  5.1
Armour         | 4 |  4.9
Dodging        | 1 |  1.7
Fighting       | 4 |  4.1

Action                     |  1- 3 |  4- 6 || total
---------------------------+-------+-------++-------
  Melee: Long sword        |    76 |   273 ||   349
    Use: Scroll            |     5 |     4 ||     9
         Potion            |       |     1 ||     1
 Armour: Scale mail        |    13 |       ||    13
         Chain mail        |    44 |   202 ||   246
  Dodge: Dodged            |    28 |    89 ||   117
  Block: Buckler           |    16 |    82 ||    98
